 Dungeon Crawl Stone Soup version 0.27.1-1-g398f81649c (webtiles) character file.

Game seed: 2000521587315941909

282 Naeght the Cudgeller (level 6, -2/52 HPs)
             Began as a Draconian Gladiator on Sept 9, 2021.
             Slain by a river rat (5 damage)
             ... in a sewer.
             The game lasted 00:05:24 (3158 turns).

Naeght the Cudgeller (Draconian Gladiator)          Turns: 3158, Time: 00:05:25

Health: -2/52      AC:  7    Str: 19    XL:     6   Next: 6%
Magic:  15/15      EV: 13    Int:  8    God:
Gold:   79         SH:  0    Dex: 12    Spells: 5/5 levels left

rFire    . . .     SeeInvis .   a - +0 flail
rCold    . . .     Faith    .   (no shield)
rNeg     . . .     Spirit   .   (armour unavailable)
rPois    .         Reflect  .   b - +0 hat
rElec    .         Harm     .   n - +0 cloak
rCorr    .         Rampage  .   (no gloves)
Will     .....                  (no boots)
Stlth    +.........             (no amulet)
HPRegen  0.17/turn              i - ring of flight
MPRegen  0.14/turn              k - ring of magical power

@: flying
A: AC +6, unfitting armour, cold-blooded
a: no special abilities


You were in a sewer.
You visited 1 branch of the dungeon, and saw 4 of its levels.
You also visited: Sewer.

You collected 79 gold pieces.

Inventory:

Hand Weapons
 a - a +0 flail (weapon)
Missiles
 c - 2 throwing nets (quivered)
Armour
 b - a +0 hat (worn)
 n - a +0 cloak (worn)
Jewellery
 i - a ring of flight (left hand)
 k - a ring of magical power (right hand)
Scrolls
 d - 2 scrolls of magic mapping {unknown}
 j - a scroll of noise {unknown}
 l - 3 scrolls of fear {unknown}
 m - 2 scrolls of identify {unknown}
 p - a scroll of brand weapon {unknown}
 r - a scroll of teleportation {unknown}
Potions
 e - a potion of cancellation {unknown}
 f - 2 potions of magic {unknown}
 g - a potion of resistance {unknown}
 h - 3 potions of flight {unknown}
 o - a potion of heal wounds {unknown}
 q - 2 potions of brilliance {unknown}
 s - a potion of might {unknown}


   Skills:
 + Level 3.8 Fighting
 * Level 5.2 Maces & Flails
 - Level 1.8 Throwing
 + Level 3.9 Dodging


You had 5 spell levels left.
You didn't know any spells.
Your spell library contained the following spells:

 Spells                   Type           Power      Damage    Failure   Level
 Freeze                   Ice            0%         1d3       41%         1
 Summon Small Mammal      Summ           0%         N/A       41%         1
 Call Canine Familiar     Summ           0%         N/A       78%         3
 Frozen Ramparts          Ice            0%         1d2       78%         3
 Summon Guardian Golem    Hex/Summ       0%         N/A       78%         3
 Hailstorm                Conj/Ice       0%         3d3       99%         4


Dungeon Overview and Level Annotations

Branches:
Dungeon (4/15)              Sewer (1/1)
 Temple: D:4-7

Altars:


Innate Abilities, Weirdness & Mutations

Your plain brown scales are hard. (AC +6)
You cannot fit into any form of body armour.
You are cold-blooded and may be slowed by cold attacks.


Message History

Increase (S)trength, (I)ntelligence, or (D)exterity?
You feel stronger.
Your scales feel tougher.
You hit the river rat.
Your tail-slap misses the river rat.
The river rat is heavily wounded.
The river rat bites you!
* * * LOW HITPOINT WARNING * * *
The river rat bites you but does no damage.
You hit the river rat.
The river rat is almost dead.
The river rat bites you.
* * * LOW HITPOINT WARNING * * *
The river rat barely misses you.
The river rat bites you but does no damage.
You hit the river rat but do no damage.
The river rat is almost dead.
The river rat barely misses you. The river rat misses you. x2
You closely miss the river rat.
The river rat is almost dead.
The river rat closely misses you. The river rat barely misses you.
You closely miss the river rat.
The river rat is almost dead.
The river rat bites you.
* * * LOW HITPOINT WARNING * * *
The river rat bites you but does no damage.
The river rat bites you.
* * * LOW HITPOINT WARNING * * *
You aren't carrying any items that you can evoke.
You closely miss the river rat.
The river rat is almost dead.
The river rat bites you but does no damage.
You sock the river rat!
You kill the river rat!
Throw: 3 throwing nets
Press: ? - help, Q - select action Shift-Dir - straight line, f - river rat
Aim: a river rat (53% to hit)
You throw a throwing net.
The throwing net barely misses the river rat.
The throwing net hits the rat.
The rat is caught in the net!
The rat struggles against the net.
The river rat bites you.
You die...

#≈≈≈≈≈≈#
#≈≈≈≈≈≈#
#≈≈≈≈≈≈#
#≈≈≈≈≈≈#
#≈≈≈≈≈≈#
#≈≈≈r≈≈#
##≈..r##
#....r.#
#..∩∩@.#
#......#
##....##
######


You could see a river rat and 2 rats.

Vanquished Creatures
  A necrophage (D:4)
  Jessica (D:2)
  2 iguanas (D:4)
  2 adders
  3 river rats
  An adder zombie (D:3)
  2 worms
  3 dart slugs
  5 endoplasms
  4 giant cockroaches
  6 goblins
  A hobgoblin (D:1)
  3 jackals (D:1)
  8 kobolds
  2 ball pythons (D:1)
  4 bats
  4 frilled lizards
  9 rats
61 creatures vanquished.

Notes
Turn   | Place    | Note
-------+----------+-------------------------------------------
     0 | D:1      | Naeght the Draconian Gladiator began the quest for the Orb.
     0 | D:1      | Reached XP level 1. HP: 17/17 MP: 1/1
   266 | D:1      | Reached XP level 2. HP: 20/24 MP: 2/2
   619 | D:1      | You fall into a shaft and drop 1 floor!
   623 | D:2      | Reached XP level 3. HP: 28/30 MP: 3/3
   856 | D:2      | Noticed Jessica
   862 | D:2      | Killed Jessica
   863 | D:2      | Reached skill level 4 in Maces & Flails
   866 | D:2      | Reached XP level 4. HP: 12/37 MP: 4/4
  2400 | D:4      | Reached XP level 5. HP: 24/45 MP: 5/5
  2554 | D:4      | Noticed a necrophage
  2561 | D:4      | Killed a necrophage
  2562 | D:4      | Reached skill level 5 in Maces & Flails
  2831 | D:4      | Found a glowing drain.
  2839 | Sewer    | Entered a sewer
  3144 | Sewer    | Reached XP level 6. HP: 19/52 MP: 6/6
  3149 | Sewer    | HP: 1/52 [river rat (3)]
  3158 | Sewer    | Slain by a river rat

Illustrated notes

Levels and vault maps discovered:
D:1:      dpeg_arrival_tiny_b, layout_loops_ring
D:2:      layout_basic, uniq_jessica
D:3:      layout_rooms, minmay_distorted
D:4:      layout_basic, lightli_sewer_entry_pipes
Sewer:    sewer_minmay_w

Skill      XL: |  1  2  3  4  5 |
---------------+----------------+-----
Dodging        | 3 |  3.9
Maces & Flails | 4 5 |  5.2
Fighting       | 3 |  3.8
Throwing       | |  1.8

Action                   |  1- 3 |  4- 6 || total
-------------------------+-------+-------++-------
Melee: Flail             |    72 |   109 ||   181
       Tailslap          |     3 |    10 ||    13
Throw: Throwing net      |       |     1 ||     1
 Stab: Sleeping          |     1 |     1 ||     2
Armor: Skin              |    35 |    38 ||    73
Dodge: Dodged            |    72 |    76 ||   148
